Map: King's Cove LE

Players

Failure

  • Race: Protoss Protoss
  • League: Master
  • Spawn Location: 11:00

Mez - Winner!

  • Race: Terran Terran
  • League: Master
  • Spawn Location: 5:00

VOD

Have the link to the VOD?

Description

Time

  • Played on: Aug. 11, 2019, 7:36 p.m.
  • Length: 13:25
Show
View Real Time Build Order
Export as new Build Order

Failure Protoss 

Build Orders: 1 Gate Expand, Phoenix Opening, Zealot Archon 

Get SALT Encoding   

  12  0:02  Probe  
  14  0:14  Probe  
  14  0:18  Pylon  
  14  0:24  Probe  
  15  0:32  Probe  
  15  0:37  Gateway  
  15  0:40  Probe  
  16  0:46  Assimilator  
  17  0:52  Probe  
  18  1:04  Probe  
  19  1:24  Nexus  
  19  1:34  Probe  
  19  1:36  Cybernetics Core  
  20  1:44  Assimilator  
  20  1:46  Probe  
  21  1:50  Pylon  
  21  1:54  Probe  
  22  2:02  Stalker  
  22  2:03  Probe  
  23  2:13  Warp Gate  
  23  2:15  Probe  
  26  2:27  Probe  
  27  2:32  Sentry  
  29  2:40  Probe  
  29  2:41  Probe  
  31  2:45  Pylon  
  31  2:51  Probe  
  30  2:52  Probe  
  30  2:53  Pylon  
  30  2:55  Twilight Council  
  32  2:59  Probe  
  32  3:04  Probe  
  34  3:07  Probe  
  35  3:16  Probe  
  35  3:17  Gateway  
  35  3:19  Gateway  
  36  3:25  Stalker, Probe  
  36  3:26  Probe  
  40  3:36  Charge  
  40  3:39  Probe  
  40  3:40  Probe, Phoenix  
  41  3:43  Forge  
  42  3:51  Probe, Robotics Facility  
  43  3:56  Pylon  
  43  3:59  Protoss Ground Armor Level 1  
  43  4:00  Probe  
  43  4:19  Probe  
  44  4:27  Shield Battery  
  44  4:28  Pylon  
  44  4:30  Assimilator  
  44  4:32  Nexus  
  44  4:33  Pylon  
  44  4:35  Probe  
  44  4:37  Assimilator  
  45  4:40  Pylon  
  45  4:52  Shield Battery  
  45  4:55  Probe  
  45  4:56  Probe  
  45  4:58  Observer, Pylon  
  48  5:01  Zealot x3  
  54  5:08  Probe  
  54  5:09  Robotics Bay  
  55  5:14  Probe  
  55  5:19  Blink  
  55  5:20  Probe  
  57  5:24  Stalker  
  57  5:26  Probe  
  60  5:30  Shield Battery  
  60  5:32  Observer  
  60  5:35  Probe  
  62  5:38  Probe  
  63  5:46  Protoss Ground Weapons Level 1  
  63  5:47  Probe  
  64  5:50  Probe  
  64  5:54  Gateway  
  64  5:55  Probe, Gateway  
  66  5:57  Gateway  
  66  5:59  Probe  
  66  6:03  Colossus  
  73  6:13  Extended Thermal Lance  
  73  6:20  Probe  
  73  6:21  Probe x2  
  76  6:27  Forge  
  76  6:29  Gateway  
  76  6:34  Probe x2  
  76  6:37  Pylon  
  76  6:38  Sentry x2  
  76  6:39  Assimilator  
  82  6:40  Protoss Ground Armor Level 2  
  82  6:55  Gateway  
  82  6:59  Templar Archives, Observer  
  82  7:06  Probe  
  82  7:07  Probe x2  
  85  7:11  Assimilator  
  85  7:13  Zealot, Pylon  
  85  7:14  Zealot x2  
  91  7:16  Zealot x3  
  97  7:24  Probe x2  
  97  7:25  Probe  
  97  7:28  Warp Prism  
  102  7:32  Probe x2  
  102  7:36  Protoss Ground Weapons Level 2  
  104  7:37  Probe  
  104  7:40  Probe, Pylon  
  104  7:41  Pylon  
  104  7:44  High Templar x3  
  110  7:47  High Templar, Zealot x2  
  110  7:48  Zealot  
  110  7:49  Zealot  
  110  7:50  Archon  
  122  7:51  Archon  
  122  7:59  Gateway  
  122  8:01  Gateway  
  121  8:09  Zealot x4  
  124  8:18  Zealot x3  
  123  8:25  Zealot  
  120  8:31  Zealot x4  
  125  8:36  Probe x2  
  125  8:37  Probe  
  128  8:49  Probe x3  
  131  8:57  Probe  
  131  9:01  Probe x2  
  134  9:06  Colossus  
  140  9:15  Zealot x3  
  141  9:20  Pylon  
  141  9:22  Pylon  
  137  9:24  Pylon  
  137  9:30  High Templar x2  
  141  9:32  Protoss Ground Armor Level 3  
  141  9:36  Pylon  
  141  9:38  Pylon  
  137  9:41  Pylon  
  121  9:55  Nexus  
  121  9:56  Archon, Pylon  
  119  10:14  High Templar x2  
  119  10:15  High Templar x5  
  119  10:17  Zealot x2  
  119  10:19  Zealot  
  119  10:20  Archon x3  
  121  10:45  Stalker x3  
  121  10:48  Zealot x4  
  123  11:03  Zealot x3  
  101  11:18  Zealot x4  
  63  11:27  Probe x2  
  65  11:42  Colossus  
  65  11:44  Zealot  
  65  11:45  Zealot x5  
  83  12:01  Zealot x3  
  81  12:02  Zealot  
  69  12:17  High Templar x5  
  69  12:18  High Templar x2  
  69  12:21  Zealot x3  
  89  12:22  Archon  
  89  12:23  Archon x2  
  89  12:25  Colossus  
  95  12:45  High Templar, Zealot  
  95  12:46  Zealot  
  101  12:51  Archon  
  101  12:52  Sentry  
  101  12:53  Sentry  
  101  12:54  Zealot x2  
  101  12:55  Zealot x3  
  115  13:10  Zealot x2  
  119  13:18  Zealot x4  
  119  13:19  Zealot x3  
Show
View Real Time Build Order
Export as new Build Order

Mez Terran - Winner!

Build Orders: Reaper Expand 

Get SALT Encoding   

  12  0:00  SCV  
  13  0:12  SCV  
  14  0:18  Supply Depot  
  14  0:25  SCV  
  15  0:40  SCV  
  15  0:41  Barracks  
  16  0:46  Refinery  
  16  0:52  SCV  
  17  1:04  SCV  
  18  1:16  SCV  
  19  1:30  Orbital Command  
  19  1:31  Reaper  
  20  1:45  Command Center  
  20  1:56  SCV  
  20  1:58  Bunker  
  21  2:01  Supply Depot  
  21  2:04  Barracks Reactor  
  21  2:13  SCV  
  22  2:25  SCV  
  23  2:35  Command Center  
  23  2:43  Marine x2  
  25  2:49  SCV  
  26  2:53  Factory  
  26  3:01  SCV  
  26  3:03  Orbital Command  
  27  3:08  Marine x2  
  29  3:13  Refinery  
  29  3:14  SCV  
  30  3:26  SCV, Marine x2  
  33  3:31  SCV  
  34  3:38  Widow Mine, SCV  
  37  3:43  SCV, Starport  
  37  3:45  Marine x2  
  40  3:50  SCV  
  40  3:52  Orbital Command  
  41  3:59  SCV  
  41  4:01  Widow Mine  
  41  4:02  SCV  
  45  4:05  Marine x2  
  47  4:10  Refinery  
  47  4:12  SCV  
  48  4:19  SCV  
  48  4:20  SCV, Starport Tech Lab  
  50  4:24  Supply Depot  
  50  4:27  Factory Tech Lab  
  50  4:33  SCV x2  
  52  4:40  Raven  
  52  4:42  Barracks  
  52  4:44  SCV, Marine x2  
  52  4:45  SCV x2  
  59  4:50  Siege Tank  
  62  4:53  Supply Depot  
  62  4:57  SCV x3, Barracks  
  65  5:02  Orbital Command  
  65  5:07  Refinery  
  65  5:09  SCV  
  65  5:13  SCV  
  67  5:16  Marine x2  
  69  5:21  SCV  
  69  5:23  Supply Depot  
  69  5:24  Siege Tank  
  69  5:25  Engineering Bay  
  69  5:27  Engineering Bay  
  73  5:34  Starport Reactor  
  74  5:35  SCV x2  
  74  5:37  Supply Depot  
  74  5:39  Supply Depot  
  75  5:51  SCV x2  
  75  5:55  Barracks  
  75  5:56  Stimpack, Terran Infantry Armor Level 1, Terran Infantry Weapons Level 1, Barracks  
  77  6:00  SCV  
  77  6:03  SCV x2  
  80  6:05  Factory Reactor  
  80  6:13  SCV  
  80  6:15  SCV  
  80  6:17  Supply Depot  
  82  6:21  Marine x2, Marauder  
  82  6:22  Marauder  
  82  6:23  Combat Shield  
  82  6:24  Medivac x2  
  92  6:27  SCV x2  
  92  6:28  SCV  
  95  6:34  Refinery  
  95  6:39  SCV x2  
  97  6:40  Marine x2  
  97  6:42  Supply Depot  
  97  6:43  Marauder x2  
  103  6:47  Supply Depot  
  103  6:48  Barracks Reactor, Supply Depot  
  103  6:49  Barracks Tech Lab  
  103  7:04  Marauder x2, Supply Depot  
  107  7:09  Marine x2, Marauder  
  107  7:10  Concussive Shells  
  107  7:13  SCV x3  
  114  7:19  Refinery, Supply Depot  
  114  7:25  Widow Mine x2, SCV, Medivac x2  
  114  7:26  Marauder x2  
  114  7:27  Marine x2  
  114  7:29  SCV x2  
  131  7:31  Armory, Marauder  
  133  7:37  SCV  
  133  7:40  Marine x2  
  133  7:41  SCV x2, Supply Depot  
  138  7:45  Marine x2  
  138  7:47  Marauder  
  138  7:49  SCV  
  138  7:51  Command Center  
  143  7:53  SCV  
  143  7:54  SCV  
  145  8:01  SCV  
  146  8:06  Marine x3, Marauder x2  
  151  8:22  Marine, Marauder  
  153  8:27  Marauder  
  153  8:30  Marauder  
  153  8:32  Marine  
  157  8:37  SCV x2  
  157  8:38  Marine, Starport  
  157  8:39  SCV, Marine, Barracks x2  
  157  8:41  Viking, Barracks  
  157  8:43  Terran Infantry Weapons Level 2  
  157  8:44  Terran Infantry Armor Level 2  
  157  8:46  Ghost Academy  
  157  8:49  Supply Depot x3  
  157  8:50  Supply Depot  
  157  8:52  Viking  
  157  8:53  Marauder x2  
  163  8:58  Marine x4, Marauder  
  163  9:01  SCV x3  
  172  9:04  Supply Depot  
  172  9:13  SCV  
  172  9:14  Marauder  
  145  9:48  Marine x4, Marauder x2  
  142  9:56  Marauder  
  141  10:01  Starport  
  141  10:02  SCV x2  
  141  10:03  Medivac x2  
  141  10:06  Marine x2  
  145  10:08  Medivac x2  
  145  10:09  Marauder  
  145  10:14  Ghost  
  149  10:15  Marine x2  
  149  10:16  Ghost  
  155  10:23  Marine  
  156  10:30  Ghost  
  156  10:34  Marine x3  
  161  10:37  Barracks Tech Lab x3  
  161  10:41  Marine  
  161  10:42  Ghost  
  162  10:45  Ghost  
  164  10:52  Marine x2  
  166  10:58  Ghost  
  161  11:05  Viking  
  161  11:06  Viking x3  
  161  11:11  Ghost, Planetary Fortress  
  168  11:13  Ghost  
  154  11:20  Marine  
  154  11:21  Marine x3, Marauder x3  
  154  11:23  SCV  
  154  11:24  SCV x2  
  161  11:27  Ghost  
  163  11:32  Missile Turret  
  163  11:34  Missile Turret  
  163  11:35  Viking, SCV  
  163  11:36  Missile Turret, SCV x2  
  163  11:37  Missile Turret  
  163  11:38  Missile Turret, Marine  
  163  11:39  Ghost  
  169  11:40  Marine x2  
  169  11:41  Ghost  
  175  11:48  SCV x3  
  175  11:49  Missile Turret x2, Refinery  
  175  11:50  Refinery  
  165  12:06  Marine x3, Marauder x3  
  171  12:12  SCV  
  171  12:13  SCV x2  
  172  12:25  Starport Tech Lab  
  175  12:30  Fusion Core  
  175  12:34  Command Center  
  172  12:38  Marine, Marauder x3  
  172  12:39  Marauder x2  
  172  12:41  Viking x2  
  172  12:42  Viking x2  
Tags
 
Add a new tag
Caveats
  • Supply blocks, unpowered buildings, or Contaminate may cause inaccurate times.
  • Supply counts are checked every 10 seconds.